 Dungeon Crawl Stone Soup version 0.29.1-12-g30fa7ad0bf (webtiles) character file.

Game seed: 11172477609997580200

5998 raph the Cleaver (level 10, 0/91 HPs)
             Began as a Hill Orc Cinder Acolyte on Dec 14, 2022.
             Was a Follower of Makhleb.
             Slain by a fire elemental (5 damage)
             ... created by the fiery vengeance of Ignis
             ... on level 9 of the Dungeon.
             The game lasted 00:14:47 (10857 turns).

raph the Cleaver (Hill Orc Cinder Acolyte)         Turns: 10857, Time: 00:14:48

Health: 0/91       AC: 15    Str: 18    XL:     10   Next: 85%
Magic:  13/13      EV: 13    Int: 14    God:    Makhleb [*.....]
Gold:   235        SH:  0    Dex: 10    Spells: 11/13 levels left

rFire   . . .      SeeInvis .   H - +0 battleaxe
rCold   x . .      Faith    .   (shield currently unavailable)
rNeg    . . .      Spirit   .   f - +0 chain mail
rPois   .          Reflect  .   o - +0 helmet
rElec   .          Harm     .   w - +2 cloak
rCorr   .          Rampage  .   (no gloves)
Will    .....                   (no boots)
Stlth   ..........              (no amulet)
HPRegen 0.25/turn               A - +4 ring of evasion
MPRegen 0.13/turn               z - ring of fire

@: fire susceptible
A: no striking features
a: Renounce Religion


You were on level 9 of the Dungeon.
You worshipped Makhleb.
Makhleb was aware of your devotion.
You visited 2 branches of the dungeon, and saw 10 of its levels.
You also visited: Ossuary.

You collected 631 gold pieces.
You spent 396 gold pieces at shops.

Inventory:

Hand Weapons
 a - a +1 broad axe
 b - a -1 hand axe of flaming
 G - a +1 war axe
 H - a +0 battleaxe (weapon)
Missiles
 c - 14 poisoned darts (quivered)
 g - 2 silver boomerangs
 C - 2 javelins
 E - 2 throwing nets
Armour
 f - a +0 chain mail (worn)
 h - a +0 robe
 o - a +0 helmet (worn)
 w - a +2 cloak (worn)
 L - a +0 pair of gloves
Jewellery
 j - a ring of resist corrosion
 q - a ring of positive energy
 s - an amulet of the acrobat
 z - a ring of fire (right hand)
 A - a +4 ring of evasion (left hand)
 F - a ring of wizardry
Wands
 y - a wand of flame (30)
Scrolls
 p - 4 scrolls of blinking
 x - 7 scrolls of identify
 B - a scroll of amnesia
 D - 2 scrolls of teleportation
 I - a scroll of torment {unknown}
 K - a scroll of noise {unknown}
Potions
 d - 2 potions of haste
 e - 2 potions of mutation
 i - 3 potions of attraction
 k - 2 potions of invisibility
 l - a potion of heal wounds
 m - 4 potions of flight
 n - a potion of ambrosia
 r - a potion of might
 t - 3 potions of lignification
 u - 2 potions of resistance
 v - a potion of curing
 J - 2 potions of brilliance {unknown}


   Skills:
 + Level 9.2 Fighting
 * Level 13.4 Axes
 + Level 7.0 Armour
 + Level 5.2 Dodging
 - Level 2.1 Spellcasting
 - Level 5.2 Fire Magic


You had 11 spell levels left.
You knew the following spells:

 Your Spells              Type           Power      Damage    Failure   Level
a - Scorch                Fire           48%        2d7       38%         2

Your spell library contained the following spells:

 Spells                   Type           Power      Damage    Failure   Level
 Call Canine Familiar     Summ           1%         N/A       100%        3
 Frozen Ramparts          Ice            2%         1d1       100%        3
 Portal Projectile        Hex/Tloc       2%         N/A       100%        3
 Tukima's Dance           Hex            1%         N/A       100%        3
 Ice Form                 Ice/Tmut       1%         N/A       100%        4
 Leda's Liquefaction      Hex/Erth       0%         N/A       100%        4
 Summon Ice Beast         Ice/Summ       1%         N/A       100%        4
 Blade Hands              Tmut           0%         N/A       100%        5


Dungeon Overview and Level Annotations

Branches:
Dungeon (9/15)             Temple (1/1) D:6         Ossuary (visited)
   Lair: D:8-11         Orc: D:9-12

Altars:
Ashenzari
Cheibriados
Dithmenos
Elyvilon
Fedhas
Hepliaklqana
Makhleb
Nemelex Xobeh
Qazlal
Ru
Sif Muna
Trog
Uskayaw
Vehumet
Wu Jian
Xom
Yredelemnul
Zin
The Shining One

Shops:
D:2 =   D:4 =


Message History

You feel yourself speed up.
You hit the fire elemental.
The fire elemental is lightly damaged.
You hit the fire elemental. The fire elemental hits you.
The fire elemental burns you! The fire elemental hits you.
The fire elemental burns you! The fire elemental hits you.
The fire elemental burns you!
You closely miss the fire elemental.
The fire elemental is lightly damaged.
You slice the fire elemental!! The fire elemental misses you.
The fire elemental hits you. The fire elemental burns you!
The fire elemental hits you. The fire elemental burns you!
You barely miss the fire elemental.
The fire elemental is lightly damaged.
You closely miss the fire elemental. The fire elemental misses you.
The fire elemental hits you. The fire elemental burns you!
* * * LOW HITPOINT WARNING * * *
You barely miss the fire elemental.
The fire elemental is lightly damaged.
You completely miss the fire elemental. The fire elemental misses you.
The fire elemental closely misses you. The fire elemental hits you.
The fire elemental burns you!
* * * LOW HITPOINT WARNING * * *
The fire elemental closely misses you.
You feel much better. The fire elemental hits you.
The fire elemental burns you!
* * * LOW HITPOINT WARNING * * *
The fire elemental hits you. The fire elemental burns you!
* * * LOW HITPOINT WARNING * * *
You slice the fire elemental!!
The fire elemental is severely damaged.
You slash the fire elemental!
You destroy the fire elemental!
That felt strangely unrewarding.
The fire elemental hits you. The fire elemental burns you!
* * * LOW HITPOINT WARNING * * *
You closely miss the fire elemental.
The fire elemental is severely damaged.
The fire elemental hits you. The fire elemental burns you!
You die...

#....#....# ...#
#....#....########...#
#....#...............#
####'#...............#
.....................#
.............).......#
.....................#
.....................#
..########...†)E@...##
..# #..........# ..#
#..........# ..#
#..........#
#......##### #..?...#
........# ..........
...........


You could see a fire elemental.

Vanquished Creatures
  A two-headed ogre (D:8)
  A cyclops (D:7)
  Joseph (D:7)
  A troll (D:9)
  Sigmund (D:5)
  3 wyverns
  3 fire elementals
  A steam dragon (D:8)
  Menkaure (D:7)
  A water moccasin (D:6)
  2 sky beasts
  Duvessa (D:5)
  4 ice beasts
  4 black bears
  4 orc warriors
  3 ogres
  Blork the orc (D:4)
  2 elf zombies (Ossuary)
  A kobold brigand (D:7)
  4 bullfrogs
  A scorpion (D:6)
  A wight (D:7)
  Dowan (D:5)
  A howler monkey (D:8)
  An electric eel (D:6)
  5 jellies
  6 hounds
  3 human zombies (Ossuary)
  3 orc priests
  A gnoll bouda (D:7)
  3 iguanas
  5 orc wizards
  2 hound zombies (Ossuary)
  6 mummies
  12 gnolls
  6 adders
  A shadow imp (D:8)
  5 white imps
  A worm (D:3)
  A dart slug (D:4)
  26 orcs
  4 endoplasms
  A giant cockroach (D:1)
  A gnoll zombie (Ossuary)
  A goblin (D:1)
  6 hobgoblins
  5 jackals
  3 quokkas (D:2)
  6 ball pythons
  4 bats
  2 frilled lizards
  A jackal zombie (Ossuary)
  7 kobolds
  2 kobold zombies (Ossuary)
  A rat (D:1)
  A rat zombie (Ossuary)
176 creatures vanquished.

Vanquished Creatures (others)
  84 foxfires
  8 plants (D:6)
92 creatures vanquished.

Grand Total: 268 creatures vanquished

Notes
Turn   | Place    | Note
-------+----------+-------------------------------------------
     0 | D:1      | raph the Hill Orc Cinder Acolyte began the quest for the
                  | Orb.
     0 | D:1      | Reached XP level 1. HP: 19/19 MP: 2/2
   643 | D:1      | Reached XP level 2. HP: 21/27 MP: 3/3
   802 | D:1      | Learned a level 2 spell: Scorch
  1428 | D:2      | Reached XP level 3. HP: 33/33 MP: 4/4
  1484 | D:2      | Found a shimmering altar of Xom.
  1567 | D:2      | Found Ycakkias's Jewellery Boutique.
  1629 | D:2      | Found Yloez's Book Boutique.
  2335 | D:3      | Reached XP level 4. HP: 31/40 MP: 6/6
  2386 | D:3      | Reached skill level 5 in Axes
  2392 | D:3      | Reached XP level 5. HP: 28/46 MP: 7/7
  2570 | D:3      | Found a shimmering blue altar of Sif Muna.
  2861 | D:4      | Found a snail-covered altar of Cheibriados.
  3146 | D:4      | Found Qusenluo's Jewellery Boutique.
  3219 | D:4      | Reached skill level 5 in Fire Magic
  3219 | D:4      | Reached XP level 6. HP: 51/53 MP: 8/8
  3231 | D:4      | Noticed an ice beast
  3242 | D:4      | Killed an ice beast
  3243 | D:4      | Reached skill level 6 in Axes
  3637 | D:4      | Noticed Blork the orc
  3652 | D:4      | Killed Blork the orc
  3653 | D:4      | Reached skill level 5 in Fighting
  3653 | D:4      | Reached XP level 7. HP: 9/61 MP: 10/10
  3987 | D:5      | Entered Level 5 of the Dungeon
  3991 | D:5      | Reached skill level 1 in Armour
  4057 | D:5      | Reached skill level 7 in Axes
  4057 | D:5      | Reached skill level 1 in Dodging
  4184 | D:5      | Found a stormy altar of Qazlal.
  4184 | D:5      | Found a broken altar of Ashenzari.
  4186 | D:5      | Found a shimmering altar of Xom.
  4299 | D:5      | Noticed Sigmund
  4305 | D:5      | Killed Sigmund
  4306 | D:5      | Reached XP level 8. HP: 62/70 MP: 11/11
  4381 | D:5      | Noticed Dowan
  4384 | D:5      | Noticed Duvessa
  4390 | D:5      | Reached skill level 8 in Axes
  4394 | D:5      | Killed Duvessa
  4397 | D:5      | Killed Dowan
  4905 | D:5      | Reached skill level 9 in Axes
  5215 | D:5      | Found a shadowy altar of Dithmenos.
  5216 | D:5      | Found a blossoming altar of Fedhas.
  5326 | D:6      | Found a staircase to the Ecumenical Temple.
  5526 | Temple   | Entered the Ecumenical Temple
  5609 | D:6      | Found a hazy altar of Hepliaklqana.
  5675 | D:6      | Reached XP level 9. HP: 77/78 MP: 12/12
  5722 | D:6      | Reached skill level 10 in Axes
  6629 | D:4      | Bought a +4 ring of evasion for 396 gold pieces
  6857 | D:6      | Identified the +1 pair of gloves "Edipoh" {Harm rCorr}
  7183 | D:7      | Noticed Menkaure
  7190 | D:7      | Killed Menkaure
  7191 | D:7      | Reached skill level 5 in Armour
  7204 | D:7      | Reached skill level 11 in Axes
  7291 | D:7      | Noticed Joseph
  7316 | D:7      | HP: 3/80 [Joseph/+0 quarterstaff (4)]
  7318 | D:7      | Killed Joseph
  7320 | D:7      | HP: 1/81 [gnoll/+2 spear of pain[a gnoll bouda] (3)]
  7697 | D:7      | Noticed a cyclops
  7741 | D:7      | Killed a cyclops
  7742 | D:7      | Reached XP level 10. HP: 71/88 MP: 13/13
  7933 | D:7      | Reached skill level 12 in Axes
  8369 | Temple   | Fell from the grace of Ignis
  8369 | Temple   | Became a worshipper of Makhleb the Destroyer
  9702 | D:8      | Found a sand-covered staircase.
  9711 | Ossuary  | Entered an ossuary
  9722 | Ossuary  | Reached * piety under Makhleb
 10313 | D:8      | Identified the +4 scimitar "Leviticus" {spect, rF+ rN+
                  | Int+2}
 10321 | D:8      | Noticed a two-headed ogre
 10336 | D:8      | Killed a two-headed ogre
 10337 | D:8      | Reached skill level 13 in Axes
 10337 | D:8      | Reached skill level 5 in Dodging
 10857 | D:9      | Slain by a fire elemental

Illustrated notes

Levels and vault maps discovered:
D:1:      roderic_lyre, layout_basic
D:2:      layout_basic, basic_altar, serial_shops, nicolae_square_shop, shop
D:3:      layout_rooms, nicolae_overflow_crystal_walls,
          chequers_serial_rivers_small_b, hangedman_decor_opposing
D:4:      layout_cave_pods, slow_altar_2, serial_shops, shop, uniq_blork_the_orc
D:5:      layout_gridville, gammafunk_temple_overflow_pools,
          chequers_temple_overflow_statue_of_worship, uniq_sigmund, uniq_duvessa
D:6:      layout_loops_ring, kennysheep_mini_moat,
          minmay_temple_entry_stoned_glass, serial_bayou, serial_bayou_pond_a,
          serial_bayou_pond_b, serial_bayou_pond_d, serial_bayou_pond_a,
          serial_bayou_crossing, minmay_strange_pillars, grunt_ministairs_15
D:7:      layout_basic, st_stairs_3, item_on_display_a, uniq_joseph,
          uniq_menkaure
D:8:      layout_cave_pools, gup_ossuary_entry_pyramid
D:9:      layout_irregular_city, kennysheep_little_box
Temple:   nicolae_temple_ecumenical_triangle

Skill      XL: |  1  2  3  4  5  6  7  8  9 10 |
---------------+-------------------------------+-----
Fighting       | 4 5 6 8 9 |  9.2
Fire Magic     | 4 5 |  5.2
Axes           | 5 6 7 9 11 13 | 13.4
Spellcasting   | 2 |  2.1
Armour         | 2 4 5 7 |  7.0
Dodging        | 1 3 4 5 |  5.2

Action                   |  1- 3 |  4- 6 |  7- 9 | 10-12 || total
-------------------------+-------+-------+-------+-------++-------
Melee: Hand axe          |    30 |       |       |       ||    30
       War axe           |    51 |    63 |   216 |    25 ||   355
       Punch             |       |     1 |     4 |       ||     5
       Battleaxe         |       |       |       |   112 ||   112
       Broad axe         |       |       |       |    61 ||    61
Throw: Dart              |       |       |    10 |     8 ||    18
       Throwing net      |       |       |     1 |       ||     1
 Cast: Scorch            |       |       |     2 |       ||     2
Invok: Fiery Armour      |     1 |       |     5 |       ||     6
       Foxfire Swarm     |       |       |     5 |       ||     5
       Rising Flame      |       |       |     1 |       ||     1
  Use: Scroll            |     8 |     1 |     5 |     3 ||    17
       Potion            |       |       |     4 |     2 ||     6
 Stab: Invisible         |       |       |     1 |       ||     1
Armor: Robe              |     5 |       |       |       ||     5
       Chain mail        |    32 |    27 |   158 |   123 ||   340
Dodge: Dodged            |    46 |    18 |   102 |   131 ||   297
